 Dungeon Crawl Stone Soup version 0.28.0-53-g5a82cb258f (webtiles) character file.

Game seed: 18320126055050080940

1421 MisterFreud the Covert (level 8, 0/67 HPs)
             Began as a Gnoll Delver on June 11, 2022.
             Was a Believer of Yredelemnul.
             Slain by a two-headed ogre
             ... wielding a +0 giant spiked club
              (4 damage)
             ... on level 6 of the Dungeon.
             The game lasted 00:07:20 (7522 turns).

MisterFreud the Covert (Gnoll Delver)               Turns: 7522, Time: 00:07:21

Health: 0/67       AC:  8    Str: 11    XL:     8   Next: 72%
Magic:  9/13       EV: 15    Int: 13    God:    Yredelemnul [**....]
Gold:   321        SH:  0    Dex: 19    Spells: 14/14 levels left

rFire   . . .      SeeInvis +   C - +2 falchion of Ifuolo {vorpal, Drain rC++ Will+ SInv}
rCold   + + +      Faith    .   (no shield)
rNeg    . . .      Spirit   .   u - +2 leather armour "Gimpewur" {rC+}
rPois   +          Reflect  .   (no helmet)
rElec   .          Harm     .   (no cloak)
rCorr   .          Rampage  .   j - +2 pair of gloves {infuse}
Will    +....                   (no boots)
Stlth   ++++......              (no amulet)
HPRegen 0.21/turn               n - +6 ring of dexterity
MPRegen 0.13/turn               w - ring of poison resistance

@: no status effects
A: fangs 1, strong nose, distributed training
a: Renounce Religion, Recall Undead Harvest, Dark Bargain


You were on level 6 of the Dungeon.
You worshipped Yredelemnul.
Yredelemnul was noncommittal.
You visited 2 branches of the dungeon, and saw 7 of its levels.

You collected 321 gold pieces.

Inventory:

Hand Weapons
 a - a +0 short sword
 b - a +0 morningstar
 q - a +1 short sword of draining
 s - a +0 vorpal war axe
 C - the +2 falchion of Ifuolo (weapon) {vorpal, Drain rC++ Will+ SInv}
   (You found it on level 4 of the Dungeon)

   It inflicts extra damage upon your enemies.
   rC:        It greatly protects you from cold.
   SInv:      It lets you see invisible.
   Drain:     It drains your maximum health when unequipped.
   Will:      It increases your willpower.
Missiles
 y - 5 poisoned darts (quivered)
 D - 9 boomerangs
Armour
 j - a +2 pair of gloves of infusion (worn)
 u - the +2 leather armour "Gimpewur" (worn) {rC+}
   (You found it on level 2 of the Dungeon)

   rC:        It protects you from cold.
Jewellery
 n - a +6 ring of dexterity (left hand)
 r - an amulet of guardian spirit
 w - a ring of poison resistance (right hand)
 B - a ring of ice
Wands
 g - a wand of digging (2)
 t - a wand of iceblast (2)
Scrolls
 c - a scroll of fog
 d - 4 scrolls of amnesia
 e - 2 scrolls of fear
 m - a scroll of identify
 o - 2 scrolls of torment
 p - 2 scrolls of teleportation
Potions
 f - a potion of haste
 h - a potion of mutation {unknown}
 i - 8 potions of curing {unknown}
 k - 3 potions of lignification
 l - 3 potions of attraction
 x - a potion of degeneration {unknown}
 E - 3 potions of brilliance {unknown}


   Skills:
 + Level 7.5 Fighting
 + Level 5.8 Short Blades
 + Level 3.5 Long Blades
 + Level 3.5 Axes
 + Level 3.5 Maces & Flails
 + Level 3.5 Polearms
 + Level 3.5 Staves
 + Level 3.5 Slings
 + Level 3.5 Bows
 + Level 3.5 Crossbows
 + Level 3.5 Throwing
 + Level 3.5 Armour
 + Level 5.8 Dodging
 + Level 10.2 Stealth
 + Level 3.5 Shields
 + Level 3.5 Unarmed Combat
 + Level 3.5 Spellcasting
 + Level 2.9 Conjurations
 + Level 2.9 Hexes
 + Level 2.9 Summonings
 + Level 2.9 Necromancy
 + Level 2.9 Translocations
 + Level 2.9 Transmutations
 + Level 2.9 Fire Magic
 + Level 2.9 Ice Magic
 + Level 2.9 Air Magic
 + Level 2.9 Earth Magic
 + Level 2.9 Poison Magic
 + Level 3.9 Invocations
 + Level 3.5 Evocations


You had 14 spell levels left.
You didn't know any spells.
Your spell library contained the following spells:

 Spells                   Type           Power      Damage    Failure   Level
 Ozocubu's Armour         Ice            9%         N/A       26%         3
 Fireball                 Conj/Fire      4%         3d4       93%         5
 Iskenderun's Battlesphe  Conj           9%         2d6       93%         5
 Metabolic Englaciation   Hex/Ice        4%         N/A       93%         5
 Conjure Ball Lightning   Conj/Air       4%         3x3d6     100%        6
 Simulacrum               Ice/Necr       4%         N/A       100%        6
 Orb of Destruction       Conj           4%         9d5       100%        7


Dungeon Overview and Level Annotations

Branches:
Dungeon (6/15)             Temple (1/1) D:5

Altars:
Ashenzari
Cheibriados
Elyvilon
Fedhas
Gozag
Kikubaaqudgha
Makhleb
Nemelex Xobeh
Okawaru
Qazlal
Ru
Uskayaw
Vehumet
Wu Jian
Yredelemnul
Zin
The Shining One


Innate Abilities, Weirdness & Mutations

You have very sharp teeth.
Your uncanny sense of smell can sniff out nearby items.
Your experience applies equally to all skills.


Message History

You can no longer trade souls for undead servants.
No target in view!
Unknown command.
You swap places.
You swap places.
You now have 321 gold pieces (gained 8).
Found a whip.
i - 8 fuming brown potions (gained 1)
Found a stone staircase leading up.
A two-headed ogre comes into view.
It is wielding a +0 giant spiked club and a +0 giant club.
A two-headed ogre is nearby!
The two-headed ogre shouts in stereo!
Found 7 gold pieces.
The two-headed ogre misses you.
The two-headed ogre hits you with a +0 giant club.
A scorpion comes into view.
You hit the two-headed ogre.
The two-headed ogre is lightly wounded.
The two-headed ogre hits you with a +0 giant spiked club!!
The two-headed ogre hits you but does no damage.
You hit the two-headed ogre but do no damage.
The two-headed ogre is lightly wounded.
Your orc warrior zombie hits the two-headed ogre!
The two-headed ogre hits you with a +0 giant spiked club.
The two-headed ogre hits you with a +0 giant club!
Unknown command.
You slash the two-headed ogre!
The two-headed ogre is heavily wounded.
Your orc warrior zombie barely misses the two-headed ogre.
The two-headed ogre hits you with a +0 giant spiked club!!
* * * LOW HITPOINT WARNING * * *
The two-headed ogre barely misses you.
Unknown command.
You hit the two-headed ogre.
You punch the two-headed ogre, but do no damage.
The two-headed ogre is heavily wounded.
Your orc warrior zombie barely misses the two-headed ogre.
The two-headed ogre hits you with a +0 giant spiked club.
You die...
Your body rises from the dead as a mindless zombie.

#Z# # #.########
#.#####Z........ # ∆
#....Z..######## .#
####.#### .# #Z...#
###.#####.#.######Z##.##
).............sOZZZ....#
.........$.♣.♣♣♣@♣♣♣.♣.#
#.####### ♣.♣ .♣ ...####
♣.♣ ♣ ...)...# ♣.♣
...##...# ... ...# .#.
♣.♣ ∆ #........ ♣.♣
#.##.#.#. ♣.♣ #.# #..


You could see a two-headed ogre (ally target), a scorpion, a friendly black bear
zombie, a friendly sky beast zombie, 2 friendly orc zombies and a friendly orc
warrior zombie.

Vanquished Creatures
  Duvessa (D:5)
  A sky beast (D:6)
  2 orc warriors
  A necrophage (D:5)
  2 ogres (D:5)
  A black bear (D:6)
  A phantom (D:6)
  A scorpion (D:5)
  Dowan (D:5)
  A jelly (D:5)
  A centaur zombie (D:3)
  2 hounds
  2 orc priests
  2 iguanas
  An orc wizard (D:5)
  2 killer bee zombies (D:5)
  A hound skeleton (D:5)
  A howler monkey zombie (D:5)
  3 gnolls (D:2)
  5 adders
  A white imp (D:6)
  2 worms (D:2)
  2 dart slugs (D:3)
  24 orcs
  6 bats
  5 endoplasms
  10 goblins
  9 hobgoblins
  2 jackals (D:3)
  6 quokkas
  6 ball pythons
  2 frilled lizards
  8 kobolds
  2 rats
117 creatures vanquished.

Vanquished Creatures (others)
  A spectral white imp (D:6)
  An orc zombie (D:6)
  4 toadstools (D:1)
6 creatures vanquished.

Grand Total: 123 creatures vanquished

Notes
Turn   | Place    | Note
-------+----------+-------------------------------------------
     0 | D:5      | Reached skill level 9 in Stealth
     0 | D:5      | MisterFreud the Gnoll Delver began the quest for the Orb.
     0 | D:5      | Reached XP level 1. HP: 23/23 MP: 1/1
    70 | D:4      | Found a hide-covered altar of Uskayaw.
   214 | D:4      | Noticed an orc priest
   215 | D:4      | Noticed an orc warrior
   554 | D:1      | Reached XP level 2. HP: 29/29 MP: 0/2
   843 | D:1      | Reached XP level 3. HP: 22/35 MP: 1/3
  1496 | D:2      | Reached skill level 1 in Invocations
  1505 | D:2      | Reached skill level 1 in Long Blades
  1505 | D:2      | Reached skill level 1 in Axes
  1505 | D:2      | Reached skill level 1 in Maces & Flails
  1505 | D:2      | Reached skill level 1 in Polearms
  1505 | D:2      | Reached skill level 1 in Staves
  1505 | D:2      | Reached skill level 1 in Slings
  1505 | D:2      | Reached skill level 1 in Bows
  1505 | D:2      | Reached skill level 1 in Crossbows
  1505 | D:2      | Reached skill level 1 in Throwing
  1505 | D:2      | Reached skill level 1 in Armour
  1505 | D:2      | Reached skill level 1 in Shields
  1505 | D:2      | Reached skill level 1 in Unarmed Combat
  1505 | D:2      | Reached skill level 1 in Spellcasting
  1505 | D:2      | Reached skill level 1 in Evocations
  1587 | D:2      | Reached XP level 4. HP: 41/41 MP: 3/5
  2563 | D:2      | Identified the +2 leather armour "Gimpewur" {rC+}
  2742 | D:3      | Reached skill level 1 in Conjurations
  2742 | D:3      | Reached skill level 1 in Hexes
  2742 | D:3      | Reached skill level 1 in Summonings
  2742 | D:3      | Reached skill level 1 in Necromancy
  2742 | D:3      | Reached skill level 1 in Translocations
  2742 | D:3      | Reached skill level 1 in Transmutations
  2742 | D:3      | Reached skill level 1 in Fire Magic
  2742 | D:3      | Reached skill level 1 in Ice Magic
  2742 | D:3      | Reached skill level 1 in Air Magic
  2742 | D:3      | Reached skill level 1 in Earth Magic
  2742 | D:3      | Reached skill level 1 in Poison Magic
  2953 | D:3      | Reached XP level 5. HP: 47/47 MP: 4/6
  4108 | D:4      | Identified the +2 falchion of Ifuolo {vorpal, Drain rC++
                  | Will+ SInv}
  4240 | D:3      | HP: 2/47 [orc warrior/+0 war axe (3)]
  4242 | D:3      | Killed an orc warrior
  4243 | D:3      | Reached XP level 6. HP: 3/53 MP: 0/8
  4754 | D:4      | Reached skill level 5 in Short Blades
  4754 | D:4      | Reached skill level 5 in Dodging
  5002 | D:4      | Found a sparkling altar of Nemelex Xobeh.
  5333 | D:5      | Reached XP level 7. HP: 56/59 MP: 4/10
  5815 | D:5      | Reached skill level 10 in Stealth
  6114 | D:5      | Found a staircase to the Ecumenical Temple.
  6114 | D:5      | Noticed Duvessa
  6114 | D:5      | Noticed Dowan
  6127 | D:5      | Killed Duvessa
  6128 | D:5      | Reached XP level 8. HP: 32/67 MP: 4/12
  6132 | D:5      | Killed Dowan
  6138 | Temple   | Entered the Ecumenical Temple
  6551 | Temple   | Became a worshipper of Yredelemnul the Dark
  6970 | D:6      | Reached * piety under Yredelemnul
  7448 | D:6      | Reached ** piety under Yredelemnul
  7514 | D:6      | Noticed a two-headed ogre
  7522 | D:6      | Slain by a two-headed ogre

Illustrated notes

Levels and vault maps discovered:
D:1:      erik_arrival_orb_chamber, layout_basic, serial_curves, eino_curves_01,
          eino_curves_02, st_stairs_10, minmay_gold_behind_fungi
D:2:      kb_forest_paths, layout_basic, minmay_misc_feat_ornament,
          nicolae_grassy_gnolls
D:3:      layout_basic, kennysheep_crisscross
D:4:      layout_basic, nicolae_overflow_hidden_temple,
          nemelex_dance_club_becter
D:5:      layout_loops_cross, minmay_temple_entry_enclosed_plants, uniq_duvessa
D:6:      layout_loops_ring, mainiacjoe_overflow_large_starburst,
          minmay_door_square
Temple:   regret_index_temple_generic_petals

Skill      XL: |  1  2  3  4  5  6  7  8 |
---------------+-------------------------+-----
Stealth        | 10 | 10.2
Invocations    | 1 2 3 |  3.9
Long Blades    | 1 2 3 |  3.5
Axes           | 1 2 3 |  3.5
Maces & Flails | 1 2 3 |  3.5
Polearms       | 1 2 3 |  3.5
Staves         | 1 2 3 |  3.5
Slings         | 1 2 3 |  3.5
Bows           | 1 2 3 |  3.5
Crossbows      | 1 2 3 |  3.5
Throwing       | 1 2 3 |  3.5
Armour         | 1 2 3 |  3.5
Shields        | 1 2 3 |  3.5
Unarmed Combat | 1 2 3 |  3.5
Spellcasting   | 1 2 3 |  3.5
Evocations     | 1 2 3 |  3.5
Conjurations   | 1 2 |  2.9
Hexes          | 1 2 |  2.9
Summonings     | 1 2 |  2.9
Necromancy     | 1 2 |  2.9
Translocations | 1 2 |  2.9
Transmutations | 1 2 |  2.9
Fire Magic     | 1 2 |  2.9
Ice Magic      | 1 2 |  2.9
Air Magic      | 1 2 |  2.9
Earth Magic    | 1 2 |  2.9
Poison Magic   | 1 2 |  2.9
Short Blades   | 5 |  5.8
Dodging        | 5 |  5.8
Fighting       | 7 |  7.5

Action                   |  1- 3 |  4- 6 |  7- 9 || total
-------------------------+-------+-------+-------++-------
Melee: Short sword       |    72 |    88 |       ||   160
       Bite              |     4 |    15 |     4 ||    23
       Punch             |     1 |     2 |     6 ||     9
       Falchion          |       |    37 |   123 ||   160
Evoke: Wand              |     1 |       |       ||     1
  Use: Scroll            |     1 |     9 |       ||    10
 Stab: Sleeping          |    13 |    20 |     5 ||    38
Armor: Leather armour    |    14 |    29 |    37 ||    80
Dodge: Dodged            |    40 |    70 |   111 ||   221
